 Dungeon Crawl Stone Soup version 0.31.0-11-ge490571c62 (webtiles) character file.

Game seed: 9512403557532370759

350 SnakkuSnakku7 the Insei (level 6, -6/45 HPs)
             Began as a Merfolk Air Elementalist on Jan 31, 2024.
             Was a Believer of Nemelex Xobeh.
             Killed by divine providence
             ... invoked by an orc priest
              (9 damage)
             ... on level 3 of the Dungeon.
             The game lasted 00:04:28 (2697 turns).

SnakkuSnakku7 the Insei (Merfolk Air Elementalist)  Turns: 2697, Time: 00:04:29

Health: -6/45      AC:  6    Str: 10    XL:     6   Next: 61%
Magic:  9/9        EV: 11    Int: 14    God:    Nemelex Xobeh [**....]
Gold:   100        SH:  0    Dex: 15    Spells: 8/9 levels left

rFire   . .          .
                       - Unarmed
rCold   . . .        (no shield)
rNeg    . . .        d - +0 ring mail
rPois   .            (no helmet)
rElec   .            f - +0 cloak
rCorr   .            (no gloves)
SInv    .            (no boots)
Will    .....        (no amulet)
Stlth   +            (no ring)
HPRegen 0.27/turn    (no ring)
MPRegen 0.11/turn

%: no passive effects
@: attractive
A: (nimble swimmer 2), mertail
a: Renounce Religion, Draw Escape, Draw Destruction, Draw Summoning


You were on level 3 of the Dungeon.
You worshipped Nemelex Xobeh.
Nemelex Xobeh was pleased with you.
You visited 1 branch of the dungeon, and saw 4 of its levels.

You collected 100 gold pieces.

Inventory:

Armour
 a - a +0 robe
 d - a +0 ring mail (worn)
 f - a +0 cloak (worn)
Talismans
 k - a blade talisman
Wands
 i - a wand of polymorph (2)
Scrolls
 l - a scroll of blinking {unknown}
 m - a scroll of torment
 n - a scroll of summoning {unknown}
 o - a scroll of enchant armour {unknown}
Potions
 b - a potion of magic
 h - a potion of berserk rage


   Skills:
 - Level 2.3 Fighting
 - Level 2.6 Dodging
 - Level 2.1 Stealth
 + Level 4.8 Unarmed Combat
 - Level 2.0 Spellcasting
 - Level 0.7 Conjurations
 - Level 2.4 Air Magic
 + Level 4.4 Shapeshifting


You had 8 spell levels left.
You knew the following spells:

 Your Spells              Type           Power      Damage    Failure   Level
a - Shock                 Conj/Air       20%        1d4       32%         1

Your spell library contained the following spells:

 Spells                   Type           Power      Damage    Failure   Level
 Static Discharge         Conj/Air       10%        3-4/arc   45%         2
 Swiftness                Air            8%         N/A       56%         3
 Airstrike                Air            4%         2d(1-17)  93%         4


Dungeon Overview and Level Annotations

Branches:
Dungeon (4/15)
 Temple: D:4-7

Altars:
Nemelex Xobeh
Zin

Shops:
D:2 [


Innate Abilities, Weirdness & Mutations

((You are very nimble when in or above water. (Stealth+, EV+, Speed+++)))
Your lower body shifts to a powerful aquatic tail in water.


Message History

Unknown command.
You bump into the rock wall.
The orc wizard gestures at you while chanting.
The puff of flame hits you!
* * * LOW HITPOINT WARNING * * *
The orc priest barely misses you. The orc hits you but does no damage.
You bump into the rock wall.
The orc wizard gestures wildly while chanting.
The orc wizard flickers and vanishes!
Deactivating autopickup; reactivate with Ctrl-A.
The orc priest barely misses you. The orc barely misses you.
Unknown command.
A magic dart appears from out of thin air!
The magic dart hits you.
* * * LOW HITPOINT WARNING * * *
It was a potion of attraction.
You feel attractive to monsters.
It was a potion of curing.
You feel better.
As you read the scroll labelled KYENLOEMPEVOE, it crumbles to dust.
It is a scroll of brand weapon.
You aren't carrying any weapons that can be branded.
Something hits you but does no damage. The orc priest closely misses you.
As you read the scroll labelled QOLUGH KIZEA, it crumbles to dust.
Your body is wracked with pain!
* * * LOW HITPOINT WARNING * * *
The orc convulses!
The orc priest convulses!
It was a scroll of torment.
Something hits you.
* * * LOW HITPOINT WARNING * * *
The orc priest calls upon Beogh to heal the orc.
The orc's wounds heal themselves!
As you read the scroll labelled DIWYTS ZOMAHOPHI, it dissolves into smoke.
It was a scroll of fog.
You hear some strange, mumbled words.
A magic dart appears from out of thin air!
The magic dart hits you.
* * * LOW HITPOINT WARNING * * *
The orc priest calls down the wrath of Beogh upon you.
Beogh smites you!
You die...
Your body disappears without a glow.

#.# # #.##.# #.#
#....###### #### #.#
#.#####........ #$$.##
#.#
#.........######o8.8$#
#.#
#######.#.##...'..o$_#
#.# #.#.##.#.#.8.8.#
#.# #....oo..# $.$##
#.# ###o###########
#)# #o{@ยงยง....# ))#
########### ###


You could see an orc priest and an orc.

Vanquished Creatures
  Grinder (D:3)
  Natasha (twice) (D:3)
  An adder (D:2)
  4 dart slugs
  6 orcs (D:3)
  7 bats
  5 endoplasms
  A giant cockroach (D:1)
  9 hobgoblins
  4 jackals (D:1)
  4 quokkas
  4 ball pythons
  4 frilled lizards
  7 goblins
  A kobold (D:1)
  3 rats (D:1)
63 creatures vanquished.

Notes
Turn   | Place    | Note
-------+----------+-------------------------------------------
     0 | D:1      | SnakkuSnakku7 the Merfolk Air Elementalist began the quest
                  | for the Orb.
     0 | D:1      | Reached XP level 1. HP: 13/13 MP: 3/3
   105 | D:1      | Reached skill level 1 in Fighting
   105 | D:1      | Reached skill level 1 in Unarmed Combat
   121 | D:1      | Reached XP level 2. HP: 21/21 MP: 0/5
   334 | D:1      | Reached XP level 3. HP: 27/27 MP: 1/6
   503 | D:1      | Found a faded altar of an unknown god.
   765 | D:1      | Prayed at the altar of an unknown god.
   765 | D:1      | Became a worshipper of Nemelex Xobeh the Trickster
   765 | D:1      | Reached * piety under Nemelex Xobeh
   972 | D:2      | Received a gift from Nemelex Xobeh
  1150 | D:2      | Reached XP level 4. HP: 29/34 MP: 7/7
  1215 | D:2      | Found Hiskun's Antique Armour Emporium.
  1228 | D:2      | Reached ** piety under Nemelex Xobeh
  1471 | D:2      | Reached skill level 1 in Shapeshifting
  1754 | D:3      | Noticed Grinder
  1785 | D:3      | Paralysed by Grinder for 5 turns
  1809 | D:3      | Paralysed by Grinder for 4 turns
  1813 | D:3      | Killed Grinder
  1814 | D:3      | Reached XP level 5. HP: 13/39 MP: 8/8
  1814 | D:3      | Reached XP level 6. HP: 15/45 MP: 9/9
  1956 | D:3      | Noticed Natasha
  2098 | D:3      | Killed Natasha
  2222 | D:3      | Found a glowing silver altar of Zin.
  2222 | D:3      | Noticed an angel
  2456 | D:3      | Noticed Natasha
  2481 | D:3      | Killed Natasha
  2697 | D:3      | Killed from afar by an orc priest

Illustrated notes

Levels and vault maps discovered:
D:1:      sevenhm_arrival_forest_fort_large_1, layout_loops_ring,
          chequers_ecumenical_altar_grove
D:2:      layout_loops_corners, serial_shops, shop
D:3:      layout_loops_corners, zin_angel, serial_bayou_ford_a,
          minmay_misc_feat_doors, hangedman_decor_opposing,
          grunt_decor_mini_mirrors, kennysheep_orc_chapel, uniq_jessica,
          uniq_natasha, uniq_grinder
D:4:      layout_loops_corners, grunt_ministairs_2,
          hangedman_abyss_or_decor_passed, hellmonk_no_cap, uniq_robin

Skill      XL: |  1  2  3  4  5  6 |
---------------+-------------------+-----
Fighting       | 1 2 |  2.3
Unarmed Combat | 1 2 4 |  4.8
Shapeshifting  | 3 4 |  4.4
Dodging        | |  2.6
Stealth        | |  2.1
Spellcasting   | |  2.0
Conjurations   | |  0.7
Air Magic      | |  2.4

Action                     |  1- 3 |  4- 6 || total
---------------------------+-------+-------++-------
  Melee: Unarmed           |   147 |   118 ||   265
         Tailslap          |     1 |     1 ||     2
         Punch             |     3 |     2 ||     5
   Cast: Shock             |    18 |       ||    18
    Use: Scroll            |       |     5 ||     5
         Potion            |       |     3 ||     3
   Stab: Sleeping          |     4 |     2 ||     6
 Armour: Robe              |    62 |       ||    62
         Ring mail         |    17 |    73 ||    90
         Skin              |       |    14 ||    14
  Dodge: Dodged            |   136 |    63 ||   199
